| TOP OF THE 1ST |
|
Raleigh-Durham Capitals batting - Pitching for Kinston Eagles : RHP Erol Akchurin
|
|
Pitching: RHP Erol Akchurin
|
|
|
Batting: RHB Kenneth Patterson
|
0-0: Called Strike 0-1: Swinging Strike 0-2: Strikes out looking
|
|
Batting: RHB Bobby Supel
|
0-0: Foul Ball, location: 2F 0-1: Foul Ball, location: 2F 0-2: Ball 1-2: Ground out 6-3 (Groundball, 6, EV 105.6 MPH)
|
|
Batting: LHB Dwight Taylor
|
0-0: Ball 1-0: Foul Ball, location: 2F 1-1: Ball 2-1: Fly out, F5 (Popup, 5, EV 56.3 MPH)
|
| Top of the 1st over - 0 runs, 0 hits, 0 errors, 0 left on base; Raleigh-Durham 0 - Kinston 0 |
| BOTTOM OF THE 1ST |
|
Kinston Eagles batting - Pitching for Raleigh-Durham Capitals : RHP Brian Ryder
|
|
Pitching: RHP Brian Ryder
|
|
|
Batting: LHB Jeffrey Wilson
|
0-0: Ball 1-0: Ball 2-0: Called Strike 2-1: Ball 3-1: SINGLE (Line Drive, 8LS, EV 91.9 MPH)
|
|
Batting: RHB Tony Incaviglia
|
0-0: Fielders Choice at 2nd, 6-4 (Groundball, 6D, EV 83.8 MPH)
|
|
Batting: LHB Eric Peyton
|
0-0: Fly out, F7 (Line Drive, 78M, EV 93.1 MPH)
|
|
Batting: RHB Elias Corona
|
0-0: Ball 1-0: Ball 2-0: Swinging Strike 2-1: Ball 3-1: Base on Balls Tony Incaviglia to second
|
|
Batting: RHB Butch Davis
|
0-0: Foul Ball, location: 2F 0-1: Foul Ball, location: 2F 0-2: Foul Ball, location: 2F 0-2: Fly out, F8 (Flyball, 8RS, EV 83.1 MPH)
|
| Bottom of the 1st over - 0 runs, 1 hit, 0 errors, 2 left on base; Raleigh-Durham 0 - Kinston 0 |
| TOP OF THE 2ND |
|
Raleigh-Durham Capitals batting - Pitching for Kinston Eagles : RHP Erol Akchurin
|
|
Batting: RHB Christopher Barbone
|
0-0: Ball 1-0: Called Strike 1-1: Foul Ball, location: 2F 1-2: Ball 2-2: Ball 3-2: Fly out, F3 (Popup, 3F, EV 55.6 MPH)
|
|
Batting: RHB Tony Camara
|
0-0: Ball 1-0: Swinging Strike 1-1: SINGLE (Groundball, 56D, EV 95.6 MPH)
|
|
Batting: RHB Kevin MacDonald
|
0-0: Foul Ball, location: 2F 0-1: Ball 1-1: Ball 2-1: Grounds into double play, 4-6-3 (Groundball, 34, EV 84.4 MPH)
|
| Top of the 2nd over - 0 runs, 1 hit, 0 errors, 0 left on base; Raleigh-Durham 0 - Kinston 0 |
| BOTTOM OF THE 2ND |
|
Kinston Eagles batting - Pitching for Raleigh-Durham Capitals : RHP Brian Ryder
|
|
Batting: RHB Guadalupe Garcia
|
0-0: Ball 1-0: Called Strike 1-1: Ground out 6-3 (Groundball, 6, EV 85.6 MPH)
|
|
Batting: RHB Rodney Hudson
|
0-0: Called Strike 0-1: Ball 1-1: Ball 2-1: Swinging Strike 2-2: Ball 3-2: Base on Balls
|
|
Batting: RHB Jose Valdez
|
0-0: Called Strike 0-1: Fly out, F8 (Flyball, 8RM, EV 85.0 MPH)
|
|
Batting: LHB Randall Curtis
|
0-0: Reached on error, E5 (Groundball, 5, EV 100.6 MPH) Rodney Hudson to second
|
|
Batting: LHB Jeffrey Wilson
|
0-0: Foul Ball, location: 2F 0-1: Ball 1-1: Ball 2-1: Ball 3-1: Base on Balls Rodney Hudson to third Randall Curtis to second
|
|
Batting: RHB Tony Incaviglia
|
0-0: Ball 1-0: Foul Ball, location: 2F 1-1: Ball 2-1: Ball 3-1: Base on Balls Rodney Hudson scores Randall Curtis to third Jeffrey Wilson to second
|
|
Batting: LHB Eric Peyton
|
0-0: Ball 1-0: TRIPLE (Line Drive, 89XD, EV 108.8 MPH) Randall Curtis scores Jeffrey Wilson scores Tony Incaviglia scores
|
|
Batting: RHB Elias Corona
|
0-0: Foul Ball, location: 2F 0-1: Swinging Strike 0-2: Ball 1-2: Ground out 5-3 (Groundball, 56S, EV 81.9 MPH)
|
| Bottom of the 2nd over - 4 runs, 1 hit, 1 error, 1 left on base; Raleigh-Durham 0 - Kinston 4 |
| TOP OF THE 3RD |
|
Raleigh-Durham Capitals batting - Pitching for Kinston Eagles : RHP Erol Akchurin
|
|
Batting: RHB Michael Wright
|
0-0: Called Strike 0-1: Ground out 5-3 (Groundball, 56, EV 98.8 MPH)
|
|
Batting: RHB Luis Brito
|
0-0: Called Strike 0-1: Ball 1-1: Called Strike 1-2: Ball 2-2: Foul Ball, location: 2F 2-2: Ball 3-2: Base on Balls
|
|
Batting: RHB Marshall Burk
|
0-0: Ball 1-0: Fly out, F9 (Flyball, 9, EV 89.4 MPH)
|
|
Batting: RHB Kenneth Patterson
|
0-0: Called Strike 0-1: Called Strike 0-2: SINGLE (Groundball, P, EV 91.3 MPH) (infield hit) Luis Brito to second
|
|
Batting: RHB Bobby Supel
|
0-0: Ball 1-0: Called Strike 1-1: Foul Ball, location: 2F 1-2: Reached on error, E5 (Groundball, 56S, EV 87.5 MPH) Luis Brito to third Kenneth Patterson to second
|
|
Batting: LHB Dwight Taylor
|
0-0: Fly out, F8 (Flyball, 8RD, EV 85.0 MPH)
|
| Top of the 3rd over - 0 runs, 1 hit, 1 error, 3 left on base; Raleigh-Durham 0 - Kinston 4 |
| BOTTOM OF THE 3RD |
|
Kinston Eagles batting - Pitching for Raleigh-Durham Capitals : RHP Brian Ryder
|
|
Batting: RHB Butch Davis
|
0-0: Foul Ball, location: 2F 0-1: Ball 1-1: Foul Ball, location: 2F 1-2: Strikes out swinging
|
|
Batting: RHB Guadalupe Garcia
|
0-0: Ball 1-0: Ball 2-0: Ground out 4-3 (Groundball, 4, EV 80.6 MPH)
|
|
Batting: RHB Rodney Hudson
|
0-0: Called Strike 0-1: Swinging Strike 0-2: Strikes out swinging
|
| Bottom of the 3rd over - 0 runs, 0 hits, 0 errors, 0 left on base; Raleigh-Durham 0 - Kinston 4 |
| TOP OF THE 4TH |
|
Raleigh-Durham Capitals batting - Pitching for Kinston Eagles : RHP Erol Akchurin
|
|
Batting: RHB Christopher Barbone
|
0-0: Ball 1-0: Ball 2-0: Ball 3-0: Called Strike 3-1: Base on Balls
|
|
Batting: RHB Tony Camara
|
0-0: Ball 1-0: Foul Ball, location: 2F 1-1: Swinging Strike 1-2: Strikes out looking
|
|
Batting: RHB Kevin MacDonald
|
0-0: Ball 1-0: Ball 2-0: Foul Ball, location: 2F 2-1: Grounds into double play, 6-4-3 (Groundball, 6, EV 83.8 MPH)
|
| Top of the 4th over - 0 runs, 0 hits, 0 errors, 0 left on base; Raleigh-Durham 0 - Kinston 4 |
| BOTTOM OF THE 4TH |
|
Kinston Eagles batting - Pitching for Raleigh-Durham Capitals : RHP Brian Ryder
|
|
Batting: RHB Jose Valdez
|
0-0: Called Strike 0-1: Foul Ball, location: 2F 0-2: Ball 1-2: Strikes out swinging
|
|
Batting: LHB Randall Curtis
|
0-0: Called Strike 0-1: Swinging Strike 0-2: SINGLE (Groundball, 6MD, EV 106.9 MPH)
|
|
Batting: LHB Jeffrey Wilson
|
0-0: Ball 1-0: Fly out, F6 (Popup, 6M, EV 70.0 MPH)
|
|
Batting: RHB Tony Incaviglia
|
0-0: Called Strike 0-1: Foul Ball, location: 2F 0-2: Fly out, F9 (Flyball, 9LM, EV 96.3 MPH)
|
| Bottom of the 4th over - 0 runs, 1 hit, 0 errors, 1 left on base; Raleigh-Durham 0 - Kinston 4 |
| TOP OF THE 5TH |
|
Raleigh-Durham Capitals batting - Pitching for Kinston Eagles : RHP Erol Akchurin
|
|
Batting: RHB Michael Wright
|
0-0: Fly out, F8 (Line Drive, 8LD, EV 90.6 MPH)
|
|
Batting: RHB Luis Brito
|
0-0: Called Strike 0-1: Foul Ball, location: 2F 0-2: Ground out 1-3 (Groundball, 34S, EV 71.9 MPH)
|
|
Batting: RHB Marshall Burk
|
0-0: Called Strike 0-1: Foul Ball, location: 2F 0-2: Ball 1-2: Ball 2-2: Strikes out swinging
|
| Top of the 5th over - 0 runs, 0 hits, 0 errors, 0 left on base; Raleigh-Durham 0 - Kinston 4 |
| BOTTOM OF THE 5TH |
|
Kinston Eagles batting - Pitching for Raleigh-Durham Capitals : RHP Brian Ryder
|
|
Batting: LHB Eric Peyton
|
0-0: Ball 1-0: Ball 2-0: Foul Ball, location: 2F 2-1: SINGLE (Line Drive, 5D, EV 101.3 MPH)
|
|
Batting: RHB Elias Corona
|
0-0: Called Strike 0-1: Called Strike 0-2: Ball 1-2: Grounds into double play, 6-4-3 (Groundball, 6, EV 89.4 MPH)
|
|
Batting: RHB Butch Davis
|
0-0: Swinging Strike 0-1: Ball 1-1: Foul Ball, location: 2F 1-2: Ground out 6-3 (Groundball, 56, EV 98.1 MPH)
|
| Bottom of the 5th over - 0 runs, 1 hit, 0 errors, 0 left on base; Raleigh-Durham 0 - Kinston 4 |
| TOP OF THE 6TH |
|
Raleigh-Durham Capitals batting - Pitching for Kinston Eagles : RHP Erol Akchurin
|
|
Batting: RHB Kenneth Patterson
|
0-0: Ball 1-0: Foul Ball, location: 2F 1-1: Foul Ball, location: 2F 1-2: SINGLE (Groundball, 6MD, EV 95.0 MPH)
|
|
Batting: RHB Bobby Supel
|
0-0: Ball Kenneth Patterson is caught stealing 2nd base 2-4 1-0: Called Strike 1-1: Ball 2-1: Fly out, F7 (Flyball, 7S, EV 80.6 MPH)
|
|
Batting: LHB Dwight Taylor
|
0-0: Ball 1-0: Ball 2-0: Called Strike 2-1: Swinging Strike 2-2: Foul Ball, location: 2F 2-2: Fly out, F8 (Line Drive, 8LD, EV 92.5 MPH)
|
| Top of the 6th over - 0 runs, 1 hit, 0 errors, 0 left on base; Raleigh-Durham 0 - Kinston 4 |
| BOTTOM OF THE 6TH |
|
Kinston Eagles batting - Pitching for Raleigh-Durham Capitals : RHP Brian Ryder
|
|
Batting: RHB Guadalupe Garcia
|
0-0: Ball 1-0: Swinging Strike 1-1: Ground out 4-3 (Groundball, 4, EV 85.0 MPH)
|
|
Batting: RHB Rodney Hudson
|
0-0: Ball 1-0: Ball 2-0: Ball 3-0: Called Strike 3-1: Base on Balls
|
|
Batting: RHB Jose Valdez
|
0-0: Ball 1-0: Fly out, F8 (Flyball, 89D, EV 95.0 MPH)
|
|
Batting: LHB Randall Curtis
|
0-0: Ball 1-0: Ball 2-0: Ground out 4-3 (Groundball, 4, EV 103.1 MPH)
|
| Bottom of the 6th over - 0 runs, 0 hits, 0 errors, 1 left on base; Raleigh-Durham 0 - Kinston 4 |
| TOP OF THE 7TH |
|
Raleigh-Durham Capitals batting - Pitching for Kinston Eagles : RHP Erol Akchurin
|
|
Batting: RHB Christopher Barbone
|
0-0: Called Strike 0-1: Called Strike 0-2: Ball 1-2: Ball 2-2: Ball 3-2: Foul Ball, location: 2F 3-2: Strikes out swinging
|
|
Batting: RHB Tony Camara
|
0-0: Ball 1-0: Fly out, F7 (Line Drive, 7, EV 86.3 MPH)
|
|
Batting: RHB Kevin MacDonald
|
0-0: Called Strike 0-1: Called Strike 0-2: Ball 1-2: Ball 2-2: Ball 3-2: Fly out, F8 (Line Drive, 8LD, EV 109.4 MPH)
|
| Top of the 7th over - 0 runs, 0 hits, 0 errors, 0 left on base; Raleigh-Durham 0 - Kinston 4 |
| BOTTOM OF THE 7TH |
|
Kinston Eagles batting - Pitching for Raleigh-Durham Capitals : RHP Brian Ryder
|
|
Batting: LHB Jeffrey Wilson
|
0-0: Swinging Strike 0-1: Ball 1-1: Ball 2-1: Swinging Strike 2-2: Ball 3-2: Base on Balls
|
|
Batting: RHB Tony Incaviglia
|
0-0: Ball 1-0: Ball Wild Pitch! Jeffrey Wilson to second 2-0: Called Strike 2-1: Swinging Strike 2-2: Ball 3-2: Foul Ball, location: 2F 3-2: Ground out U3 (Groundball, 3S, EV 66.9 MPH) Jeffrey Wilson to third
|
|
Batting: LHB Eric Peyton
|
0-0: SINGLE (Groundball, 6M, EV 90.6 MPH) (infield hit) Jeffrey Wilson scores
|
|
Pitching: RHP Alan Owens
|
|
|
Batting: RHB Elias Corona
|
0-0: Ball 1-0: Called Strike 1-1: 2-RUN HOME RUN (Flyball, 7D, EV 93.1 MPH), Distance : 389 ft
|
|
Batting: RHB Butch Davis
|
0-0: Ball 1-0: Called Strike 1-1: Ball 2-1: Ball 3-1: Base on Balls
|
|
Batting: RHB Guadalupe Garcia
|
0-0: Ball 1-0: Ball 2-0: Called Strike 2-1: Grounds into double play, 4-6-3 (Groundball, 4, EV 79.4 MPH)
|
| Bottom of the 7th over - 3 runs, 2 hits, 0 errors, 0 left on base; Raleigh-Durham 0 - Kinston 7 |
| TOP OF THE 8TH |
|
Raleigh-Durham Capitals batting - Pitching for Kinston Eagles : RHP Erol Akchurin
|
|
Batting: RHB Michael Wright
|
0-0: Foul Ball, location: 2F 0-1: Swinging Strike 0-2: Strikes out swinging
|
|
Batting: RHB Luis Brito
|
0-0: Foul Ball, location: 2F 0-1: Ground out 6-3 (Groundball, 6, EV 85.0 MPH)
|
|
Batting: RHB Marshall Burk
|
0-0: Foul Ball, location: 2F 0-1: Foul Ball, location: 2F 0-2: Foul Ball, location: 2F 0-2: Ground out 4-3 (Groundball, 34, EV 96.3 MPH)
|
| Top of the 8th over - 0 runs, 0 hits, 0 errors, 0 left on base; Raleigh-Durham 0 - Kinston 7 |
| BOTTOM OF THE 8TH |
|
Kinston Eagles batting - Pitching for Raleigh-Durham Capitals : RHP Alan Owens
|
|
Batting: RHB Rodney Hudson
|
0-0: Ball 1-0: Called Strike 1-1: SOLO HOME RUN (Flyball, 7D, EV 95.6 MPH), Distance : 378 ft
|
|
Batting: RHB Jose Valdez
|
0-0: Called Strike 0-1: Ball 1-1: Swinging Strike 1-2: Strikes out swinging
|
|
Batting: LHB Randall Curtis
|
0-0: Called Strike 0-1: Foul Ball, location: 2F 0-2: SINGLE (Groundball, 2L, EV 66.3 MPH) (infield hit)
|
|
Batting: LHB Jeffrey Wilson
|
0-0: Called Strike 0-1: Ball 1-1: Ball 2-1: Ball 3-1: Foul Ball, location: 2F 3-2: Base on Balls Randall Curtis to second
|
|
Batting: RHB Tony Incaviglia
|
0-0: Ball 1-0: Ball 2-0: SINGLE (Line Drive, 8RS, EV 88.8 MPH) Randall Curtis to third Jeffrey Wilson to second
|
|
Batting: LHB Eric Peyton
|
0-0: Called Strike 0-1: Swinging Strike 0-2: Ball 1-2: Fly out, F4 (Line Drive, 4, EV 63.1 MPH)
|
|
Batting: RHB Elias Corona
|
0-0: Fly out, F7 (Line Drive, 7, EV 94.4 MPH)
|
| Bottom of the 8th over - 1 run, 3 hits, 0 errors, 3 left on base; Raleigh-Durham 0 - Kinston 8 |
| TOP OF THE 9TH |
|
Raleigh-Durham Capitals batting - Pitching for Kinston Eagles : RHP Erol Akchurin
|
|
Pinch Hitting: LHB Eugene Raineri
|
0-0: Ball 1-0: Swinging Strike 1-1: Ball 2-1: Ball 3-1: Called Strike 3-2: Base on Balls
|
|
Batting: RHB Bobby Supel
|
0-0: Called Strike 0-1: Ball 1-1: Foul Ball, location: 2F 1-2: Foul Ball, location: 2F 1-2: Ball 2-2: Ball 3-2: Strikes out swinging Eugene Raineri steals 2nd base (no throw) Batter strikes out.
|
|
Pinch Hitting: RHB William Grant
|
0-0: Ball 1-0: Called Strike 1-1: Foul Ball, location: 2F 1-2: Ground out 5-3 (Groundball, 56, EV 85.0 MPH)
|
|
Batting: RHB Christopher Barbone
|
0-0: Foul Ball, location: 2F 0-1: Foul Ball, location: 2F 0-2: Ball 1-2: Ball 2-2: Ball 3-2: Ground out 2-3 (Groundball, 13S, EV 66.3 MPH)
|
| Top of the 9th over - 0 runs, 0 hits, 0 errors, 1 left on base; Raleigh-Durham 0 - Kinston 8 |
|